Harfangs vs Saguenéens
(R1)
Created - 23 septembre 2014 at 19:22
Goals
|
| Harfangs |
4 |
3 |
2 |
9 |
| Saguenéens |
2 |
0 |
0 |
2 |
|
Shots
|
| Harfangs |
12 |
13 |
10 |
35 |
| Saguenéens |
11 |
8 |
5 |
24 |
|
1st period
1. Saguenéens , Tyler Kennedy 1 (Evgeny Dadonov, Marcus Johansson) at 8:32
2. Harfangs , Petri Kontiola 1 (Chris Kreider, Michal Repik) at 11:49
3. Saguenéens , Bryan Bickell 1 (Petteri Wirtanen) at 14:39
4. Harfangs , Alex Killorn 1 (Peter Olvecky) at 14:45
5. Harfangs , Peter Olvecky 1 (Alex Killorn, Mark Giordano) at 15:21
6. Harfangs , Peter Olvecky 2 (Alex Killorn) at 16:14
Penalties :
Tyler Kennedy (Chi) for Hooking (Minor) at 0:52, Tyler Kennedy (Chi) for Holding (Minor) at 4:28
2nd period
7. Harfangs , Petri Kontiola 2 (Victor Bartley, Peter Olvecky) at 11:48 (PP)
8. Harfangs , Michal Repik 1 (Mark Giordano, Chris Kreider) at 12:09
9. Harfangs , Alex Killorn 2 (Peter Olvecky) at 15:11
Penalties :
Nick Holden (BEA) for Cross-checking (Minor) at 2:02, David Moss (Chi) for Hooking (Minor) at 8:04, Tyler Kennedy (Chi) for Hooking (Minor) at 11:43, Evgeny Dadonov (Chi) for Roughing (Minor) at 16:20
3rd period
10. Harfangs , Victor Bartley 1 (Peter Olvecky, Petri Kontiola) at 9:29 (PP)
11. Harfangs , Peter Olvecky 3 (Craig Smith) at 14:44
Penalties :
Kris Russell (Chi) for Roughing (Minor) at 1:55, Bryan Bickell (Chi) for Hooking (Minor) at 5:02, Rhett Rakhshani (Chi) for Tripping (Minor) at 9:26, Marcus Johansson (Chi) for Fighting (Major) at 11:42, Alex Killorn (BEA) for Fighting (Major) at 11:42, Kyle Palmieri (BEA) for Hooking (Minor) at 11:46, Peter Olvecky (BEA) for Roughing (Minor) at 15:06
Goalie Stats
Ray Emery (BEA), 22 saves from 24 shots - (0,917), W, 2-0-0, 60:00 minutes
James Reimer (Chi), 16 saves from 21 shots - (0,762), L, 0-1-0, 31:48 minutes
Harru Sateri (Chi), 10 saves from 14 shots - (0,714), 28:12 minutes
Players Stats for Harfangs
Player Name G A P +/- PIM S H SB GA TA FO MP PP MP PK MP
------------------------------------------------------------------------------------
Alex Killorn 2 2 4 3 5 6 1 0 1 0 14/29 18:11 5:02 0:06
Andrew Orpik 0 0 0 -1 0 0 1 1 0 1 0/0 22:14 5:13 3:35
Brian Lashoff 0 0 0 -1 0 1 1 2 1 0 0/0 23:20 5:06 3:35
Chris Kreider 0 2 2 1 0 1 3 0 1 0 0/0 16:26 5:02 2:10
Craig Smith 0 1 1 1 0 2 2 0 0 0 2/6 10:01 0:31 0:51
Drew Shore 0 0 0 0 0 0 1 2 0 0 1/4 11:33 0:00 0:36
Dustin Jeffrey 0 0 0 0 0 2 2 0 0 0 0/0 8:32 0:31 0:00
Dylan Olsen 0 0 0 -1 0 0 2 0 0 0 0/0 11:47 0:40 0:00
Kyle Palmieri 0 0 0 4 2 0 1 0 0 0 0/0 18:46 5:02 0:00
Mark Giordano 0 2 2 7 0 3 0 1 1 1 0/0 25:59 6:09 2:22
Michal Repik 1 1 2 1 0 2 0 0 0 1 0/1 17:40 6:29 1:51
Mike Hoffman 0 0 0 0 0 0 0 0 0 1 1/1 8:32 0:31 0:00
Nick Holden 0 0 0 -1 2 0 0 0 0 0 0/0 11:48 0:40 0:00
Peter Olvecky 3 4 7 4 2 9 3 0 3 0 1/2 22:19 6:29 2:01
Petri Kontiola 2 1 3 1 0 3 2 1 0 0 11/21 19:09 6:29 3:24
Roman Wick 0 0 0 0 0 1 0 1 0 0 0/0 10:57 0:00 0:00
Tomas Tatar 0 0 0 0 0 1 0 1 0 0 0/0 11:58 0:00 1:01
Victor Bartley 1 1 2 7 0 4 3 2 0 0 0/0 24:53 6:16 2:22
Players Stats for Saguenéens
Player Name G A P +/- PIM S H SB GA TA FO MP PP MP PK MP
------------------------------------------------------------------------------------
Brandon Burlon 0 0 0 1 0 0 1 0 0 1 0/0 19:28 2:14 5:59
Brian Flynn 0 0 0 -1 0 0 0 1 0 1 7/16 12:37 2:06 0:00
Bryan Bickell 1 0 1 1 2 4 1 0 0 0 0/0 9:47 1:03 1:06
David Laliberté 0 0 0 -2 0 0 1 0 0 1 0/0 8:58 0:20 0:00
David Moss 0 0 0 -1 2 1 1 1 0 0 0/1 18:02 2:06 4:52
David Rundblad 0 0 0 1 0 0 0 0 0 0 0/0 9:49 0:06 0:29
Derek Morris 0 0 0 -6 0 3 3 5 1 2 0/0 27:24 2:24 6:03
Eric Tangradi 0 0 0 -2 0 1 1 0 0 0 3/4 11:52 2:45 0:16
Evgeny Dadonov 0 1 1 -3 2 2 1 1 2 1 2/2 17:53 3:07 0:00
Ian Cole 0 0 0 -2 0 1 3 2 0 0 0/0 15:50 1:46 0:43
Joffrey Lupul 0 0 0 -1 0 2 3 0 0 0 1/1 15:19 2:06 2:30
Kevin Marshall 0 0 0 -3 0 0 2 1 0 0 0/0 25:59 3:00 6:03
Kris Russell 0 0 0 -1 2 1 1 1 0 0 0/0 21:06 2:24 4:47
Kyle Brodziak 0 0 0 -2 0 4 1 0 0 0 5/13 16:56 0:00 5:40
Marcus Johansson 0 1 1 -3 5 1 0 0 0 0 13/19 15:07 1:14 0:16
Petteri Wirtanen 0 1 1 1 0 0 0 0 0 0 2/6 12:51 0:00 5:46
Rhett Rakhshani 0 0 0 1 2 0 0 0 0 0 0/0 7:02 0:00 0:00
Tyler Kennedy 1 0 1 -3 6 4 3 3 1 1 1/2 21:49 3:04 3:38
3 Stars
1 - Peter Olvecky (BEA)
2 - Victor Bartley (BEA)
3 - Petri Kontiola (BEA)
Power Play
Harfangs - 2 on 8 Attempt(s) - 25,00%
Saguenéens - 0 on 3 Attempt(s) - 0,00%
Penalty Kill
Harfangs - 3 on 3 Attempt(s) - 100,00%
- Score 0 goal in Penalty Kill
Saguenéens - 6 on 8 Attempt(s) - 75,00%
- Score 0 goal in Penalty Kill
Official
Referees : Rooney Chris and Peel Tim
Linesman : Tim Nowak and Derek Nansen
Game Notes
Harru Sateri enters game at 11:48 of 2nd period
Marcus Johansson and Alex Killorn fight to a draw at 11:42 of 3rd period
Ian Cole is injured at 12:23 of 3rd period (Right Knee)
Peter Olvecky has scored a Hat Trick!
Finance
Level 1 -- Attendance: 1502 (75,10%) -- Ticket Income 60 080 $
Level 2 -- Attendance: 774 (77,40%) -- Ticket Income 15 480 $
Total Attendance: 2276 (75,87%)
Total Ticket Income: 75 560 $
Other Income: 3 778 $
Total Income: 79 338 $
Harfangs
5 vs 5 Forward
Center Left Wing Right Wing Time % Phy DF OF
1 Alex Killorn Peter Olvecky Kyle Palmieri 40 1 2 2
2 Petri Kontiola Chris Kreider Michal Repik 30 1 2 2
3 Drew Shore Tomas Tatar Roman Wick 20 1 2 2
4 Craig Smith Dustin Jeffrey Mike Hoffman 10 1 2 2
5 vs 5 Defense
Defense Defense Time % Phy DF OF
1 Mark Giordano Victor Bartley 40 1 2 2
2 Andrew Orpik Brian Lashoff 30 1 2 2
3 Dylan Olsen Nick Holden 20 1 2 2
4 Mark Giordano Brian Lashoff 10 1 2 2
PowerPlay Forward
Center Left Wing Right Wing Time % Phy DF OF
1 Petri Kontiola Peter Olvecky Michal Repik 60 1 2 2
2 Alex Killorn Chris Kreider Kyle Palmieri 40 1 2 2
PowerPlay Defense
Defense Defense Time % Phy DF OF
1 Mark Giordano Victor Bartley 60 1 2 2
2 Brian Lashoff Andrew Orpik 40 1 2 2
Penalty Kill 4 Players Forward
Center Wing Time % Phy DF OF
1 Petri Kontiola Peter Olvecky 60 1 2 2
2 Drew Shore Chris Kreider 40 1 2 2
Penalty Kill 4 Players Defense
Defense Defense Time % Phy DF OF
1 Brian Lashoff Andrew Orpik 60 1 2 2
2 Victor Bartley Mark Giordano 40 1 2 2
Penalty Kill - 3 Players Forward
Forward Time % Phy DF OF
1 Petri Kontiola 60 1 2 2
2 Drew Shore 40 1 2 2
Penalty Kill - 3 Players Defense
Defense Defense Time % Phy DF OF
1 Brian Lashoff Andrew Orpik 60 1 2 2
2 Victor Bartley Mark Giordano 40 1 2 2
4 vs 4 Forward
Center Wing Time % Phy DF OF
1 Petri Kontiola Chris Kreider 60 1 2 2
2 Alex Killorn Peter Olvecky 40 1 2 2
4 vs 4 Defense
Defense Defense Time % Phy DF OF
1 Mark Giordano Victor Bartley 60 1 2 2
2 Brian Lashoff Andrew Orpik 40 1 2 2
Last Minutes Offensive
Center Left Wing Right Wing Defense Defense
Petri Kontiola Peter Olvecky Kyle Palmieri Mark Giordano Andrew Orpik
Last Minutes Defensive
Center Left Wing Right Wing Defense Defense
Petri Kontiola Peter Olvecky Michal Repik Brian Lashoff Mark Giordano
Goaltenders
Starting : Ray Emery
Backup : Marek Schwarz
Extra Forwards
Normal : Craig Smith, Dustin Jeffrey, Michal Repik - PP : Craig Smith, Dustin Jeffrey - PK : Michal Repik
Extra Defensemen
Normal : Brian Lashoff, Mark Giordano, Victor Bartley - PP : Brian Lashoff - PK : Brian Lashoff, Mark Giordano
Penalty Shots
Craig Smith, Tomas Tatar, Petri Kontiola, Peter Olvecky, Dustin Jeffrey
Saguenéens
5 vs 5 Forward
Center Left Wing Right Wing Time % Phy DF OF
1 Marcus Johansson Evgeny Dadonov Tyler Kennedy 40 1 2 2
2 Brian Flynn Joffrey Lupul David Moss 30 1 2 2
3 Kyle Brodziak Eric Tangradi David Laliberté 20 1 2 2
4 Petteri Wirtanen Bryan Bickell Rhett Rakhshani 10 1 2 2
5 vs 5 Defense
Defense Defense Time % Phy DF OF
1 Derek Morris Kevin Marshall 37 1 2 2
2 Ian Cole Kris Russell 33 1 2 2
3 Brandon Burlon David Rundblad 20 1 2 2
4 Derek Morris Ian Cole 10 0 2 3
PowerPlay Forward
Center Left Wing Right Wing Time % Phy DF OF
1 Marcus Johansson Evgeny Dadonov Tyler Kennedy 55 1 1 3
2 Brian Flynn Joffrey Lupul David Moss 45 1 1 3
PowerPlay Defense
Defense Defense Time % Phy DF OF
1 Ian Cole Kevin Marshall 55 0 2 3
2 Derek Morris Kris Russell 45 0 2 3
Penalty Kill 4 Players Forward
Center Wing Time % Phy DF OF
1 Kyle Brodziak Tyler Kennedy 50 1 3 1
2 Petteri Wirtanen David Moss 50 1 3 1
Penalty Kill 4 Players Defense
Defense Defense Time % Phy DF OF
1 Derek Morris Kevin Marshall 50 1 3 1
2 Kris Russell Brandon Burlon 50 1 3 1
Penalty Kill - 3 Players Forward
Forward Time % Phy DF OF
1 Kyle Brodziak 50 1 3 1
2 David Moss 50 1 3 1
Penalty Kill - 3 Players Defense
Defense Defense Time % Phy DF OF
1 Derek Morris Kevin Marshall 50 1 3 1
2 Kris Russell Brandon Burlon 50 1 3 1
4 vs 4 Forward
Center Wing Time % Phy DF OF
1 Marcus Johansson Evgeny Dadonov 50 1 1 3
2 Kyle Brodziak Tyler Kennedy 50 1 2 2
4 vs 4 Defense
Defense Defense Time % Phy DF OF
1 Ian Cole Kevin Marshall 50 1 2 2
2 Brandon Burlon Kris Russell 50 1 2 2
Last Minutes Offensive
Center Left Wing Right Wing Defense Defense
Kyle Brodziak Evgeny Dadonov Tyler Kennedy Derek Morris Ian Cole
Last Minutes Defensive
Center Left Wing Right Wing Defense Defense
Kyle Brodziak Evgeny Dadonov Tyler Kennedy Derek Morris Kevin Marshall
Goaltenders
Starting : James Reimer
Backup : Harru Sateri
Extra Forwards
Normal : Kyle Brodziak, Eric Tangradi, Evgeny Dadonov - PP : Eric Tangradi, Bryan Bickell - PK : Joffrey Lupul
Extra Defensemen
Normal : Kris Russell, Brandon Burlon, Ian Cole - PP : Brandon Burlon - PK : Ian Cole, David Rundblad
Penalty Shots
Evgeny Dadonov, David Moss, Joffrey Lupul, Kyle Brodziak, Bryan Bickell
% Time on Ice - Harfangs
Lines # - Real PCT - Wanted PCT - Time Play
Normal Forward
1 - 35% - 40% - 14:44
2 - 22% - 30% - 9:20
3 - 26% - 20% - 10:57
4 - 17% - 10% - 7:00
Normal Defense
1 - 41% - 40% - 17:07
2 - 29% - 30% - 12:02
3 - 26% - 20% - 11:07
4 - 4% - 10% - 1:45
PP Forward
1 - 57% - 60% - 6:54
2 - 43% - 40% - 5:08
PP Defense
1 - 58% - 60% - 6:56
2 - 42% - 40% - 5:06
PK Forward
1 - 90% - 60% - 5:21
2 - 10% - 40% - 0:36
PK Defense
1 - 60% - 60% - 3:35
2 - 40% - 40% - 2:22
PK3 Forward
1 - 0% - 60%
2 - 0% - 40%
PK3 Defense
1 - 0% - 60%
2 - 0% - 40%
44 Forward
1 - 0% - 60%
2 - 0% - 40%
44 Defense
1 - 0% - 60%
2 - 0% - 40%
Last Minute Offensive - 0:00
Last Minute Defensive - 0:00
Total
Forward - 60:00
Defense - 60:00
|
% Time on Ice - Saguenéens
Lines # - Real PCT - Wanted PCT - Time Play
Normal Forward
1 - 36% - 40% - 15:16
2 - 26% - 30% - 11:08
3 - 20% - 20% - 8:34
4 - 17% - 10% - 7:03
Normal Defense
1 - 39% - 37% - 16:19
2 - 34% - 33% - 14:19
3 - 19% - 20% - 8:04
4 - 8% - 10% - 3:19
PP Forward
1 - 65% - 55% - 3:51
2 - 35% - 45% - 2:06
PP Defense
1 - 60% - 55% - 3:33
2 - 40% - 45% - 2:24
PK Forward
1 - 50% - 50% - 6:00
2 - 50% - 50% - 6:02
PK Defense
1 - 50% - 50% - 6:03
2 - 50% - 50% - 5:59
PK3 Forward
1 - 0% - 50%
2 - 0% - 50%
PK3 Defense
1 - 0% - 50%
2 - 0% - 50%
44 Forward
1 - 0% - 50%
2 - 0% - 50%
44 Defense
1 - 0% - 50%
2 - 0% - 50%
Last Minute Offensive - 0:00
Last Minute Defensive - 0:00
Total
Forward - 60:00
Defense - 60:00
|
Play by Play
1st period
0:01 of 1st period - Marcus Johansson wins face-off versus Alex Killorn in neutral zone.
0:04 of 1st period - Victor Bartley is hit by Tyler Kennedy.
0:16 of 1st period - Snap shot by Peter Olvecky.
0:16 of 1st period - Shot Blocked by Tyler Kennedy.
0:45 of 1st period - Snap shot by Tyler Kennedy.
0:45 of 1st period - Shot Misses the Net.
0:52 of 1st period - Minor Penalty to Tyler Kennedy for Hooking.
0:53 of 1st period - Petri Kontiola wins face-off versus Petteri Wirtanen in Saguenéens zone.
0:54 of 1st period - Snap shot by Peter Olvecky.
0:54 of 1st period - Stopped by James Reimer without a rebound.
0:55 of 1st period - Peter Olvecky wins face-off versus Petteri Wirtanen in Saguenéens zone.
2:52 of 1st period - Penalty to Tyler Kennedy is over, Tyler Kennedy is back on ice.
2:59 of 1st period - Snap shot by Dustin Jeffrey.
2:59 of 1st period - Stopped by James Reimer without a rebound.
3:00 of 1st period - Marcus Johansson wins face-off versus Craig Smith in Saguenéens zone.
3:00 of 1st period - Marcus Johansson is hit by Dustin Jeffrey.
3:08 of 1st period - David Rundblad is hit by Dylan Olsen and loses puck.
4:09 of 1st period - Slapshot by Kyle Brodziak.
4:09 of 1st period - Shot Misses the Net.
4:13 of 1st period - Snap shot by Kyle Brodziak.
4:13 of 1st period - Shot Misses the Net.
4:15 of 1st period - Wrist shot by Eric Tangradi.
4:15 of 1st period - Stopped by Ray Emery with a rebound.
4:28 of 1st period - Minor Penalty to Tyler Kennedy for Holding.
4:29 of 1st period - Petteri Wirtanen wins face-off versus Peter Olvecky in Saguenéens zone.
4:53 of 1st period - Michal Repik is hit by Kyle Brodziak.
5:31 of 1st period - Slapshot by Petri Kontiola.
5:31 of 1st period - Stopped by James Reimer with a rebound.
5:39 of 1st period - Snap shot by Petri Kontiola.
5:39 of 1st period - Shot Blocked by Derek Morris.
5:41 of 1st period - Slapshot by Petri Kontiola.
5:41 of 1st period - Deflect By Peter Olvecky.
5:41 of 1st period - Shot Misses the Net.
5:41 of 1st period - Puck is out of play.
5:42 of 1st period - Kyle Brodziak wins face-off versus Alex Killorn in Saguenéens zone.
6:25 of 1st period - Petteri Wirtanen is hit by Dustin Jeffrey and loses puck.
6:28 of 1st period - Penalty to Tyler Kennedy is over, Tyler Kennedy is back on ice.
6:48 of 1st period - Derek Morris is hit by Drew Shore and loses puck.
7:07 of 1st period - Kyle Brodziak is hit by Craig Smith and loses puck.
7:31 of 1st period - Wrist shot by Bryan Bickell.
7:31 of 1st period - Shot Blocked by Andrew Orpik.
7:43 of 1st period - Brian Lashoff is hit by Tyler Kennedy and loses puck.
7:48 of 1st period - Wrist shot by Tyler Kennedy.
7:48 of 1st period - Shot Blocked by Brian Lashoff.
8:10 of 1st period - Victor Bartley is hit by Joffrey Lupul and loses puck.
8:20 of 1st period - Icing by David Moss.
8:21 of 1st period - Marcus Johansson wins face-off versus Alex Killorn in Saguenéens zone.
8:32 of 1st period - Wrist shot by Tyler Kennedy.
8:32 of 1st period - Goal by Tyler Kennedy - Harfangs : 0 - Saguenéens : 1.
8:33 of 1st period - Brian Flynn wins face-off versus Alex Killorn in neutral zone.
8:36 of 1st period - Wrist shot by Joffrey Lupul.
8:36 of 1st period - Stopped by Ray Emery without a rebound.
8:37 of 1st period - Alex Killorn wins face-off versus Brian Flynn in Harfangs zone.
8:44 of 1st period - Wrist shot by Peter Olvecky.
8:44 of 1st period - Shot Blocked by Derek Morris.
9:22 of 1st period - Snap shot by Mark Giordano.
9:22 of 1st period - Shot Misses the Net.
10:06 of 1st period - David Rundblad is hit by Peter Olvecky and loses puck.
10:11 of 1st period - Wrist shot by Peter Olvecky.
10:11 of 1st period - Stopped by James Reimer without a rebound.
10:12 of 1st period - Alex Killorn wins face-off versus Brian Flynn in Saguenéens zone.
10:15 of 1st period - Snap shot by Alex Killorn.
10:15 of 1st period - Stopped by James Reimer without a rebound.
10:16 of 1st period - Alex Killorn wins face-off versus Brian Flynn in Saguenéens zone.
11:08 of 1st period - Slapshot by Kyle Brodziak.
11:08 of 1st period - Shot Blocked by Victor Bartley.
11:10 of 1st period - Slapshot by Derek Morris.
11:10 of 1st period - Stopped by Ray Emery without a rebound.
11:11 of 1st period - Alex Killorn wins face-off versus Kyle Brodziak in Harfangs zone.
11:41 of 1st period - Slapshot by Chris Kreider.
11:41 of 1st period - Shot Blocked by Tyler Kennedy.
11:47 of 1st period - Backhand shot by Chris Kreider.
11:47 of 1st period - Shot Blocked by Kris Russell.
11:49 of 1st period - Wrist shot by Petri Kontiola.
11:49 of 1st period - Goal by Petri Kontiola - Harfangs : 1 - Saguenéens : 1.
11:50 of 1st period - Brian Flynn wins face-off versus Alex Killorn in neutral zone.
12:02 of 1st period - David Moss is hit by Alex Killorn and loses puck.
12:17 of 1st period - Chris Kreider is hit by Derek Morris and loses puck.
12:28 of 1st period - Wrist shot by Evgeny Dadonov.
12:28 of 1st period - Stopped by Ray Emery without a rebound.
12:29 of 1st period - Alex Killorn wins face-off versus Kyle Brodziak in Harfangs zone.
12:42 of 1st period - Snap shot by Kyle Brodziak.
12:42 of 1st period - Shot Misses the Net.
13:20 of 1st period - Snap shot by Tomas Tatar.
13:20 of 1st period - Shot Blocked by David Moss.
13:46 of 1st period - Backhand shot by Craig Smith.
13:46 of 1st period - Shot Misses the Net.
14:39 of 1st period - Slapshot by Bryan Bickell.
14:39 of 1st period - Goal by Bryan Bickell - Harfangs : 1 - Saguenéens : 2.
14:40 of 1st period - Marcus Johansson wins face-off versus Alex Killorn in neutral zone.
14:45 of 1st period - Snap shot by Alex Killorn.
14:45 of 1st period - Goal by Alex Killorn - Harfangs : 2 - Saguenéens : 2.
14:46 of 1st period - Marcus Johansson wins face-off versus Alex Killorn in neutral zone.
14:55 of 1st period - Wrist shot by Tyler Kennedy.
14:55 of 1st period - Stopped by Ray Emery without a rebound.
14:56 of 1st period - Marcus Johansson wins face-off versus Alex Killorn in Harfangs zone.
15:07 of 1st period - Slapshot by Peter Olvecky.
15:07 of 1st period - Shot Blocked by Derek Morris.
15:15 of 1st period - Snap shot by Peter Olvecky.
15:15 of 1st period - Shot Misses the Net.
15:17 of 1st period - Slapshot by Mark Giordano.
15:17 of 1st period - Stopped by James Reimer with a rebound.
15:19 of 1st period - Backhand shot by Alex Killorn.
15:19 of 1st period - Shot Blocked by Tyler Kennedy.
15:21 of 1st period - Snap shot by Peter Olvecky.
15:21 of 1st period - Goal by Peter Olvecky - Harfangs : 3 - Saguenéens : 2.
15:22 of 1st period - Petri Kontiola wins face-off versus Brian Flynn in neutral zone.
15:25 of 1st period - Slapshot by Mark Giordano.
15:25 of 1st period - Stopped by James Reimer with a rebound.
15:27 of 1st period - Slapshot by Mark Giordano.
15:27 of 1st period - Shot Blocked by Ian Cole.
15:29 of 1st period - Slapshot by Brian Lashoff.
15:29 of 1st period - Stopped by James Reimer with a rebound.
15:31 of 1st period - Snap shot by Chris Kreider.
15:31 of 1st period - Shot Misses the Net.
15:33 of 1st period - Snap shot by Mark Giordano.
15:33 of 1st period - Deflect By Michal Repik.
15:33 of 1st period - Shot Blocked by Brian Flynn.
15:33 of 1st period - Puck is out of play.
15:34 of 1st period - Alex Killorn wins face-off versus Brian Flynn in Saguenéens zone.
15:43 of 1st period - Slapshot by Derek Morris.
15:43 of 1st period - Shot Hit the Post.
16:14 of 1st period - Slapshot by Peter Olvecky.
16:14 of 1st period - Goal by Peter Olvecky - Harfangs : 4 - Saguenéens : 2.
16:15 of 1st period - Petri Kontiola wins face-off versus Marcus Johansson in neutral zone.
16:59 of 1st period - Slapshot by Derek Morris.
16:59 of 1st period - Shot Misses the Net.
17:01 of 1st period - Wrist shot by Bryan Bickell.
17:01 of 1st period - Stopped by Ray Emery without a rebound.
17:02 of 1st period - Petri Kontiola wins face-off versus Petteri Wirtanen in Harfangs zone.
17:28 of 1st period - Brandon Burlon is hit by Victor Bartley and loses puck.
18:10 of 1st period - Snap shot by Kyle Brodziak.
18:10 of 1st period - Stopped by Ray Emery without a rebound.
18:11 of 1st period - Mike Hoffman wins face-off versus Kyle Brodziak in Harfangs zone.
19:25 of 1st period - Snap shot by Bryan Bickell.
19:25 of 1st period - Stopped by Ray Emery with a rebound.
19:27 of 1st period - Snap shot by Bryan Bickell.
19:27 of 1st period - Stopped by Ray Emery with a rebound.
Goals for this period are 4 for Harfangs vs 2 for Saguenéens.
Shots for this period are 12 for Harfangs vs 11 for Saguenéens.
2nd period
0:01 of 2nd period - Marcus Johansson wins face-off versus Alex Killorn in neutral zone.
0:56 of 2nd period - Snap shot by Evgeny Dadonov.
0:56 of 2nd period - Deflect By Marcus Johansson.
0:56 of 2nd period - Stopped by Ray Emery with a rebound.
0:58 of 2nd period - Slapshot by Kris Russell.
0:58 of 2nd period - Shot Blocked by Petri Kontiola.
1:00 of 2nd period - Wrist shot by Tyler Kennedy.
1:00 of 2nd period - Deflect By Marcus Johansson.
1:00 of 2nd period - Shot Misses the Net.
1:00 of 2nd period - Puck is out of play.
1:01 of 2nd period - Brian Flynn wins face-off versus Alex Killorn in Harfangs zone.
1:02 of 2nd period - Snap shot by Joffrey Lupul.
1:02 of 2nd period - Deflect By David Moss.
1:02 of 2nd period - Stopped by Ray Emery without a rebound.
1:03 of 2nd period - Brian Flynn wins face-off versus Alex Killorn in Harfangs zone.
1:16 of 2nd period - Nick Holden is hit by Joffrey Lupul and loses puck.
2:02 of 2nd period - Minor Penalty to Nick Holden for Cross-checking.
2:03 of 2nd period - Marcus Johansson wins face-off versus Petri Kontiola in Harfangs zone.
3:38 of 2nd period - Andrew Orpik is hit by Ian Cole.
3:48 of 2nd period - Kris Russell is hit by Andrew Orpik.
4:02 of 2nd period - Penalty to Nick Holden is over, Nick Holden is back on ice.
4:23 of 2nd period - Wrist shot by Craig Smith.
4:23 of 2nd period - Stopped by James Reimer with a rebound.
4:45 of 2nd period - Kyle Brodziak is hit by Victor Bartley and loses puck.
4:56 of 2nd period - Drew Shore is hit by David Laliberté and loses puck.
5:20 of 2nd period - Dylan Olsen is hit by Kevin Marshall and loses puck.
5:33 of 2nd period - Kris Russell is hit by Peter Olvecky.
6:12 of 2nd period - Icing by Brian Lashoff.
6:13 of 2nd period - Eric Tangradi wins face-off versus Drew Shore in Harfangs zone.
6:28 of 2nd period - Mark Giordano is hit by Evgeny Dadonov and loses puck.
6:39 of 2nd period - Wrist shot by Evgeny Dadonov.
6:39 of 2nd period - Stopped by Ray Emery without a rebound.
6:40 of 2nd period - Alex Killorn wins face-off versus Brian Flynn in Harfangs zone.
6:42 of 2nd period - Icing by Peter Olvecky.
6:43 of 2nd period - Alex Killorn wins face-off versus David Moss in Harfangs zone.
6:50 of 2nd period - Snap shot by Alex Killorn.
6:50 of 2nd period - Stopped by James Reimer with a rebound.
7:07 of 2nd period - Off-side.
7:08 of 2nd period - Kyle Brodziak wins face-off versus Michal Repik in neutral zone.
7:11 of 2nd period - Snap shot by Eric Tangradi.
7:11 of 2nd period - Shot Misses the Net.
7:21 of 2nd period - Wrist shot by Michal Repik.
7:21 of 2nd period - Stopped by James Reimer with a rebound.
7:35 of 2nd period - Peter Olvecky is hit by Derek Morris and loses puck.
8:04 of 2nd period - Minor Penalty to David Moss for Hooking.
8:05 of 2nd period - Petteri Wirtanen wins face-off versus Petri Kontiola in Saguenéens zone.
8:15 of 2nd period - Wrist shot by Mark Giordano.
8:15 of 2nd period - Shot Misses the Net.
8:19 of 2nd period - Slapshot by Peter Olvecky.
8:19 of 2nd period - Stopped by James Reimer with a rebound.
8:21 of 2nd period - Slapshot by Mark Giordano.
8:21 of 2nd period - Stopped by James Reimer with a rebound.
10:04 of 2nd period - Penalty to David Moss is over, David Moss is back on ice.
10:50 of 2nd period - Icing by Drew Shore.
10:51 of 2nd period - Drew Shore wins face-off versus Brian Flynn in Harfangs zone.
10:51 of 2nd period - Drew Shore is hit by Joffrey Lupul.
11:36 of 2nd period - Snap shot by Alex Killorn.
11:36 of 2nd period - Stopped by James Reimer without a rebound.
11:37 of 2nd period - Petri Kontiola wins face-off versus Tyler Kennedy in Saguenéens zone.
11:43 of 2nd period - Minor Penalty to Tyler Kennedy for Hooking.
11:44 of 2nd period - Petri Kontiola wins face-off versus Kyle Brodziak in Saguenéens zone.
11:44 of 2nd period - Snap shot by Peter Olvecky.
11:44 of 2nd period - Stopped by James Reimer with a rebound.
11:46 of 2nd period - Slapshot by Victor Bartley.
11:46 of 2nd period - Stopped by James Reimer with a rebound.
11:48 of 2nd period - Wrist shot by Petri Kontiola.
11:48 of 2nd period - Goal by Petri Kontiola - Harfangs : 5 - Saguenéens : 2.
11:48 of 2nd period - Harru Sateri enters game.
11:49 of 2nd period - Marcus Johansson wins face-off versus Petri Kontiola in neutral zone.
11:52 of 2nd period - Slapshot by Derek Morris.
11:52 of 2nd period - Stopped by Ray Emery without a rebound.
11:53 of 2nd period - Petri Kontiola wins face-off versus Marcus Johansson in Harfangs zone.
11:53 of 2nd period - Petri Kontiola is hit by Derek Morris.
12:09 of 2nd period - Snap shot by Michal Repik.
12:09 of 2nd period - Goal by Michal Repik - Harfangs : 6 - Saguenéens : 2.
12:10 of 2nd period - Alex Killorn wins face-off versus Marcus Johansson in neutral zone.
13:11 of 2nd period - Snap shot by Kyle Brodziak.
13:11 of 2nd period - Stopped by Ray Emery with a rebound.
13:13 of 2nd period - Snap shot by Kyle Brodziak.
13:13 of 2nd period - Shot Misses the Net.
13:15 of 2nd period - Slapshot by Kris Russell.
13:15 of 2nd period - Deflect By Drew Shore.
13:15 of 2nd period - Stopped by Ray Emery with a rebound.
13:33 of 2nd period - Snap shot by Tyler Kennedy.
13:33 of 2nd period - Stopped by Ray Emery with a rebound.
13:35 of 2nd period - Slapshot by Brandon Burlon.
13:35 of 2nd period - Shot Blocked by Brian Lashoff.
14:12 of 2nd period - Wrist shot by David Moss.
14:12 of 2nd period - Shot Misses the Net.
14:28 of 2nd period - Snap shot by Tyler Kennedy.
14:28 of 2nd period - Stopped by Ray Emery without a rebound.
14:29 of 2nd period - Marcus Johansson wins face-off versus Alex Killorn in Harfangs zone.
14:34 of 2nd period - Snap shot by Evgeny Dadonov.
14:34 of 2nd period - Shot Misses the Net.
14:36 of 2nd period - Snap shot by Evgeny Dadonov.
14:36 of 2nd period - Shot Misses the Net.
14:38 of 2nd period - Slapshot by Derek Morris.
14:38 of 2nd period - Deflect By Marcus Johansson.
14:38 of 2nd period - Shot Blocked by Victor Bartley.
14:38 of 2nd period - Puck is out of play.
14:39 of 2nd period - Evgeny Dadonov wins face-off versus Alex Killorn in Harfangs zone.
14:48 of 2nd period - Slapshot by Alex Killorn.
14:48 of 2nd period - Shot Blocked by Evgeny Dadonov.
15:09 of 2nd period - Wrist shot by Alex Killorn.
15:09 of 2nd period - Stopped by Harru Sateri with a rebound.
15:11 of 2nd period - Wrist shot by Alex Killorn.
15:11 of 2nd period - Goal by Alex Killorn - Harfangs : 7 - Saguenéens : 2.
15:12 of 2nd period - Marcus Johansson wins face-off versus Petri Kontiola in neutral zone.
16:04 of 2nd period - Roman Wick is hit by Brandon Burlon and loses puck.
16:20 of 2nd period - Minor Penalty to Evgeny Dadonov for Roughing.
16:21 of 2nd period - Tyler Kennedy wins face-off versus Petri Kontiola in Saguenéens zone.
16:31 of 2nd period - Slapshot by David Moss.
16:31 of 2nd period - Shot Blocked by Mark Giordano.
17:15 of 2nd period - Off-side.
17:16 of 2nd period - Alex Killorn wins face-off versus Petteri Wirtanen in neutral zone.
17:19 of 2nd period - David Moss is hit by Brian Lashoff and loses puck.
18:20 of 2nd period - Penalty to Evgeny Dadonov is over, Evgeny Dadonov is back on ice.
18:47 of 2nd period - Tyler Kennedy is hit by Victor Bartley and loses puck.
19:19 of 2nd period - Icing by Petri Kontiola.
19:20 of 2nd period - Brian Flynn wins face-off versus Petri Kontiola in Harfangs zone.
19:51 of 2nd period - Snap shot by Peter Olvecky.
19:51 of 2nd period - Stopped by Harru Sateri with a rebound.
Goals for this period are 3 for Harfangs vs 0 for Saguenéens.
Shots for this period are 13 for Harfangs vs 8 for Saguenéens.
3rd period
0:01 of 3rd period - Marcus Johansson wins face-off versus Alex Killorn in neutral zone.
0:21 of 3rd period - Peter Olvecky is hit by Tyler Kennedy.
0:36 of 3rd period - Kris Russell is hit by Petri Kontiola and loses puck.
0:55 of 3rd period - Brian Lashoff is hit by Ian Cole and loses puck.
1:16 of 3rd period - Snap shot by Craig Smith.
1:16 of 3rd period - Stopped by Harru Sateri without a rebound.
1:17 of 3rd period - Marcus Johansson wins face-off versus Craig Smith in Saguenéens zone.
1:38 of 3rd period - Wrist shot by Dustin Jeffrey.
1:38 of 3rd period - Stopped by Harru Sateri with a rebound.
1:46 of 3rd period - Snap shot by Craig Smith.
1:46 of 3rd period - Shot Misses the Net.
1:48 of 3rd period - Snap shot by Craig Smith.
1:48 of 3rd period - Shot Misses the Net.
1:50 of 3rd period - Wrist shot by Victor Bartley.
1:50 of 3rd period - Stopped by Harru Sateri without a rebound.
1:51 of 3rd period - Alex Killorn wins face-off versus Brian Flynn in Saguenéens zone.
1:51 of 3rd period - Alex Killorn is hit by Ian Cole.
1:53 of 3rd period - Wrist shot by Peter Olvecky.
1:53 of 3rd period - Stopped by Harru Sateri with a rebound.
1:55 of 3rd period - Minor Penalty to Kris Russell for Roughing.
1:56 of 3rd period - Kyle Brodziak wins face-off versus Petri Kontiola in Saguenéens zone.
2:50 of 3rd period - David Moss is hit by Peter Olvecky.
3:09 of 3rd period - Tyler Kennedy is hit by Kyle Palmieri and loses puck.
3:55 of 3rd period - Penalty to Kris Russell is over, Kris Russell is back on ice.
4:05 of 3rd period - Snap shot by Victor Bartley.
4:05 of 3rd period - Stopped by Harru Sateri with a rebound.
5:02 of 3rd period - Minor Penalty to Bryan Bickell for Hooking.
5:03 of 3rd period - Kyle Brodziak wins face-off versus Petri Kontiola in Saguenéens zone.
5:30 of 3rd period - Petteri Wirtanen is hit by Chris Kreider and loses puck.
5:37 of 3rd period - Wrist shot by Alex Killorn.
5:37 of 3rd period - Shot Blocked by Derek Morris.
6:51 of 3rd period - Wrist shot by Dustin Jeffrey.
6:51 of 3rd period - Deflect By Derek Morris.
6:51 of 3rd period - Shot Blocked by Kevin Marshall.
6:51 of 3rd period - Puck is out of play.
6:52 of 3rd period - Joffrey Lupul wins face-off versus Craig Smith in Saguenéens zone.
6:52 of 3rd period - Joffrey Lupul is hit by Craig Smith.
6:59 of 3rd period - Off-side.
7:00 of 3rd period - Petri Kontiola wins face-off versus Kyle Brodziak in neutral zone.
7:02 of 3rd period - Penalty to Bryan Bickell is over, Bryan Bickell is back on ice.
7:03 of 3rd period - Slapshot by Victor Bartley.
7:03 of 3rd period - Shot Blocked by Derek Morris.
7:21 of 3rd period - Snap shot by Ian Cole.
7:21 of 3rd period - Deflect By Tyler Kennedy.
7:21 of 3rd period - Shot Misses the Net.
7:21 of 3rd period - Puck is out of play.
7:22 of 3rd period - Brian Flynn wins face-off versus Drew Shore in Harfangs zone.
7:25 of 3rd period - Slapshot by Joffrey Lupul.
7:25 of 3rd period - Stopped by Ray Emery with a rebound.
7:27 of 3rd period - Slapshot by Ian Cole.
7:27 of 3rd period - Stopped by Ray Emery with a rebound.
7:29 of 3rd period - Wrist shot by Joffrey Lupul.
7:29 of 3rd period - Deflect By Brian Flynn.
7:29 of 3rd period - Shot Misses the Net.
7:29 of 3rd period - Puck is out of play.
7:30 of 3rd period - Brian Flynn wins face-off versus Alex Killorn in Harfangs zone.
7:31 of 3rd period - Slapshot by David Moss.
7:31 of 3rd period - Shot Misses the Net.
7:33 of 3rd period - Snap shot by Derek Morris.
7:33 of 3rd period - Stopped by Ray Emery with a rebound.
7:35 of 3rd period - Backhand shot by Derek Morris.
7:35 of 3rd period - Deflect By David Moss.
7:35 of 3rd period - Shot Hit the Post.
7:35 of 3rd period - Puck is out of play.
7:36 of 3rd period - Alex Killorn wins face-off versus Marcus Johansson in Harfangs zone.
8:01 of 3rd period - Joffrey Lupul is hit by Petri Kontiola and loses puck.
8:08 of 3rd period - Wrist shot by Chris Kreider.
8:08 of 3rd period - Stopped by Harru Sateri with a rebound.
8:26 of 3rd period - Slapshot by Derek Morris.
8:26 of 3rd period - Shot Blocked by Drew Shore.
8:28 of 3rd period - Wrist shot by Derek Morris.
8:28 of 3rd period - Shot Blocked by Tomas Tatar.
8:30 of 3rd period - Snap shot by Kyle Brodziak.
8:30 of 3rd period - Shot Blocked by Drew Shore.
9:26 of 3rd period - Minor Penalty to Rhett Rakhshani for Tripping.
9:27 of 3rd period - Petri Kontiola wins face-off versus Kyle Brodziak in Saguenéens zone.
9:27 of 3rd period - Wrist shot by Peter Olvecky.
9:27 of 3rd period - Shot Misses the Net.
9:29 of 3rd period - Snap shot by Victor Bartley.
9:29 of 3rd period - Goal by Victor Bartley - Harfangs : 8 - Saguenéens : 2.
9:30 of 3rd period - Alex Killorn wins face-off versus Marcus Johansson in neutral zone.
9:55 of 3rd period - Kevin Marshall is hit by Chris Kreider and loses puck.
10:22 of 3rd period - Snap shot by Roman Wick.
10:22 of 3rd period - Stopped by Harru Sateri with a rebound.
10:34 of 3rd period - Kevin Marshall is hit by Dylan Olsen and loses puck.
10:57 of 3rd period - Backhand shot by Derek Morris.
10:57 of 3rd period - Shot Misses the Net.
11:05 of 3rd period - Wrist shot by Kyle Brodziak.
11:05 of 3rd period - Stopped by Ray Emery with a rebound.
11:29 of 3rd period - Wrist shot by Kyle Brodziak.
11:29 of 3rd period - Shot Blocked by Roman Wick.
11:31 of 3rd period - Snap shot by Eric Tangradi.
11:31 of 3rd period - Shot Misses the Net.
11:33 of 3rd period - Snap shot by Kyle Brodziak.
11:33 of 3rd period - Stopped by Ray Emery without a rebound.
11:34 of 3rd period - Alex Killorn wins face-off versus Marcus Johansson in Harfangs zone.
11:41 of 3rd period - Backhand shot by Marcus Johansson.
11:41 of 3rd period - Shot Misses the Net.
11:42 of 3rd period - Marcus Johansson and Alex Killorn fight to a draw.
11:42 of 3rd period - Penalty to Marcus Johansson for Fighting.
11:42 of 3rd period - Penalty to Alex Killorn for Fighting.
11:43 of 3rd period - Kyle Brodziak wins face-off versus Craig Smith in Harfangs zone.
11:44 of 3rd period - Slapshot by Evgeny Dadonov.
11:44 of 3rd period - Shot Misses the Net.
11:46 of 3rd period - Minor Penalty to Kyle Palmieri for Hooking.
11:47 of 3rd period - Petri Kontiola wins face-off versus Eric Tangradi in Harfangs zone.
12:23 of 3rd period - Wrist shot by Chris Kreider.
12:23 of 3rd period - Shot Blocked by Ian Cole.
12:23 of 3rd period - Ian Cole from Saguenéens is injured at 12:23 of 3rd period (Right Knee).
12:24 of 3rd period - Eric Tangradi wins face-off versus Petri Kontiola in Saguenéens zone.
12:39 of 3rd period - Snap shot by Tyler Kennedy.
12:39 of 3rd period - Shot Misses the Net.
13:14 of 3rd period - Icing by Tyler Kennedy.
13:15 of 3rd period - Evgeny Dadonov wins face-off versus Drew Shore in Saguenéens zone.
13:41 of 3rd period - Derek Morris is hit by Chris Kreider and loses puck.
13:46 of 3rd period - Penalty to Kyle Palmieri is over, Kyle Palmieri is back on ice.
14:06 of 3rd period - Andrew Orpik is hit by Kevin Marshall and loses puck.
14:19 of 3rd period - Snap shot by Tyler Kennedy.
14:19 of 3rd period - Shot Misses the Net.
14:34 of 3rd period - Wrist shot by Tomas Tatar.
14:34 of 3rd period - Stopped by Harru Sateri without a rebound.
14:35 of 3rd period - Craig Smith wins face-off versus Brian Flynn in Saguenéens zone.
14:44 of 3rd period - Wrist shot by Peter Olvecky.
14:44 of 3rd period - Goal by Peter Olvecky - Harfangs : 9 - Saguenéens : 2.
14:45 of 3rd period - Craig Smith wins face-off versus Kyle Brodziak in neutral zone.
14:48 of 3rd period - Slapshot by Mark Giordano.
14:48 of 3rd period - Shot Misses the Net.
15:06 of 3rd period - Minor Penalty to Peter Olvecky for Roughing.
15:07 of 3rd period - Eric Tangradi wins face-off versus Petri Kontiola in Harfangs zone.
15:22 of 3rd period - Snap shot by Evgeny Dadonov.
15:22 of 3rd period - Shot Misses the Net.
15:41 of 3rd period - Slapshot by Joffrey Lupul.
15:41 of 3rd period - Shot Misses the Net.
16:42 of 3rd period - Penalty to Alex Killorn is over, Alex Killorn is back on ice.
17:06 of 3rd period - Penalty to Peter Olvecky is over, Peter Olvecky is back on ice.
17:23 of 3rd period - Peter Olvecky is hit by Bryan Bickell and loses puck.
17:50 of 3rd period - Roman Wick is hit by David Moss.
18:32 of 3rd period - Dylan Olsen is hit by Kris Russell and loses puck.
19:28 of 3rd period - Mike Hoffman is hit by Eric Tangradi and loses puck.
19:42 of 3rd period - Off-side.
19:43 of 3rd period - Petri Kontiola wins face-off versus Kyle Brodziak in neutral zone.
Goals for this period are 2 for Harfangs vs 0 for Saguenéens.
Shots for this period are 10 for Harfangs vs 5 for Saguenéens.
Output by the SimonT Hockey Simulator (STHS) for François Prévost -- Original Page W3C XHTML 1.0 Valid